 Dungeon Crawl Stone Soup version 0.27.1-4-g1640c2035a (webtiles) character file.

Game seed: 14923194540203566857

4806 jjjjhere the Thaumaturge (level 10, -8/44 HPs)
             Began as a Spriggan Conjurer on Nov 16, 2021.
             Was a Follower of Sif Muna.
             Killed from afar by Erolcha (25 damage)
             ... with a fireball
             ... on level 9 of the Dungeon.
             The game lasted 00:23:42 (11445 turns).

jjjjhere the Thaumaturge (Spriggan Conjurer)       Turns: 11445, Time: 00:23:43

Health: -8/44      AC:  3    Str:  3    XL:     10   Next: 24%
Magic:  12/25      EV: 37    Int: 23    God:    Sif Muna [*.....]
Gold:   377        SH:  0    Dex: 14    Spells: 20/30 levels left

rFire    . . .     SeeInvis +   B - staff of cold
rCold    + . .     Faith    .   (shield currently unavailable)
rNeg     . . .     Spirit   .   a - +0 robe
rPois    .         Reflect  .   (helmet restricted)
rElec    .         Harm     .   u - +0 cloak
rCorr    .         Rampage  .   (gloves unavailable)
Will     +....                  (boots unavailable)
Stlth    ++........             F - amulet of the acrobat
HPRegen  0.14/turn              (no ring)
MPRegen  0.19/turn              (no ring)

@: acrobatic, very quick
A: very small, no large weapons, unfitting armour, see invisible, speed 3
a: Renounce Religion, Channel Magic


You were on level 9 of the Dungeon.
You worshipped Sif Muna.
Sif Muna was aware of your devotion.
You visited 2 branches of the dungeon, and saw 10 of its levels.

You collected 427 gold pieces.
You spent 50 gold pieces at shops.

Inventory:

Hand Weapons
 i - a +2 short sword of electrocution
 D - a +3 rapier of draining
Missiles
 f - 55 poisoned darts
 I - a throwing net
Armour
 a - a +0 robe (worn)
 u - a +0 cloak (worn)
 H - +0 acid dragon scales
Magical Staves
 B - a staff of cold (weapon)
Jewellery
 m - an amulet of regeneration
 F - an amulet of the acrobat (around neck)
Wands
 h - a wand of mindburst (14)
 E - a wand of polymorph (9)
 G - a wand of iceblast (10)
Scrolls
 b - 5 scrolls of immolation {unknown}
 d - 4 scrolls of vulnerability {unknown}
 g - 6 scrolls of teleportation
 j - 3 scrolls of amnesia {unknown}
 k - 3 scrolls of blinking {unknown}
 o - a scroll of enchant weapon {unknown}
 p - 2 scrolls of enchant armour {unknown}
 q - a scroll of brand weapon {unknown}
 r - 2 scrolls of summoning {unknown}
 t - a scroll of fear {unknown}
 v - a scroll of fog {unknown}
 w - 4 scrolls of magic mapping {unknown}
 y - 2 scrolls of noise {unknown}
 J - 2 scrolls of identify
Potions
 c - 8 potions of curing
 e - a potion of attraction
 l - 2 potions of flight
 n - 2 potions of magic
 s - 5 potions of heal wounds
 x - 2 potions of brilliance
 z - a potion of might {unknown}
 A - a potion of berserk rage {unknown}
 C - a potion of mutation {unknown}


   Skills:
 - Level 9.8 Dodging
 - Level 3.6 Stealth
 + Level 10.7 Spellcasting
 - Level 6.0 Conjurations
 - Level 8.0 Hexes
 + Level 1.8 Ice Magic


You had 20 spell levels left.
You knew the following spells:

 Your Spells              Type           Power      Damage    Failure   Level
a - Magic Dart            Conj           100%       1d8       1%          1
b - Searing Ray           Conj           80%        3d6       1%          2
c - Fulminant Prism       Conj/Hex       22%        3d13      3%          4
d - Frozen Ramparts       Ice            62%        1d8       8%          3

Your spell library contained the following spells:

 Spells                   Type           Power      Damage    Failure   Level
 Dazzling Flash           Conj/Hex       88%        N/A       1%          3
 Static Discharge         Conj/Air       26%        N/A       2%          2
 Iskenderun's Mystic Bla  Conj/Tloc      26%        2d7       16%         4
 Sticky Flame             Conj/Fire      26%        2d5       16%         4
 Ice Form                 Ice/Tmut       24%        N/A       34%         4
 Summon Ice Beast         Ice/Summ       24%        N/A       34%         4
 Dispel Undead            Necr           12%        3d9       45%         4
 Disjunction              Tloc           6%         N/A       100%        8
 Summon Horrible Things   Summ           6%         N/A       100%        8


Dungeon Overview and Level Annotations

Branches:
Dungeon (9/15)             Temple (1/1) D:5             Orc (0/2) D:9
   Lair: D:8-11

Altars:
Ashenzari
Cheibriados
Dithmenos
Elyvilon
Fedhas
Gozag
Hepliaklqana
Kikubaaqudgha
Makhleb
Nemelex Xobeh
Ru
Sif Muna
Trog
Wu Jian
Xom
Yredelemnul
The Shining One

Shops:
D:2 ?

Annotations:
D:3 3 runed translucent doors, jjjjhere's ghost, amateur GnAr
D:7 Dowan
D:9 Erolcha


Innate Abilities, Weirdness & Mutations

You are very small and have problems with some larger weapons.
You are too small for most types of armour.
You have supernaturally acute eyesight. (SInv)
You cover ground extremely quickly. (Speed+++)


Message History

Aiming: Fulminant Prism (dangerous; 3% risk of failure)
Press: ? - help, Dir - move target You conjure a prism of explosive energy!
A fulminant prism comes into view.
Erolcha points at you and mumbles some strange words.
You resist with almost no effort.
Your fulminant prism crackles loudly.
Your fulminant prism explodes!
The blast of energy engulfs Erolcha!!
Erolcha is severely wounded.
Erolcha mumbles some strange words.
Erolcha flickers and vanishes for a moment.
Casting: Fulminant Prism (dangerous; 3% risk of failure)
Confirm with . or Enter, or press ? or * to list all spells.
Aiming: Fulminant Prism (dangerous; 3% risk of failure)
Press: ? - help, Dir - move target You conjure a prism of explosive energy!
A fulminant prism comes into view.
The centaur warrior shoots an arrow.
The arrow hits your fulminant prism!!
Your fulminant prism detonates feebly.
Casting: Fulminant Prism (dangerous; 3% risk of failure)
Confirm with . or Enter, or press ? or * to list all spells.
Aiming: Fulminant Prism (dangerous; 3% risk of failure)
Press: ? - help, Dir - move target You conjure a prism of explosive energy!
A fulminant prism comes into view.
The centaur warrior shoots an arrow.
The arrow hits you!!
Ouch! That really hurt!
The centaur warrior shoots an arrow.
The arrow misses you.
The centaur warrior shoots an arrow.
The arrow closely misses you.
Your fulminant prism crackles loudly.
The centaur warrior shoots an arrow.
The arrow completely misses you.
The centaur warrior shoots an arrow.
The arrow hits your fulminant prism!!
Your fulminant prism explodes!
The blast of energy engulfs Erolcha!
Erolcha is almost dead.
Erolcha casts a spell at you.
The fireball explodes!
The fireball engulfs you!!
Ouch! That really hurt!
You die...

...................
....O........c.....
...................
.....######O.........
.......##............
......................
..............).[[..#
...#..........([...#.
.. #....@............
#............#....
....................
.................#...
##........<..........
###>................
#..........$.....##
#................#
...................


You could see a centaur warrior and Erolcha (invisible).

Vanquished Creatures
  An ugly thing (D:7)
  Sigmund (D:5)
  A wyvern (D:9)
  Eustachio (D:6)
  Menkaure (D:6)
  Edmund (D:4)
  An acid dragon (D:8)
  Duvessa (D:7)
  2 water moccasins (D:5)
  3 orc warriors
  4 black bears
  2 sky beasts
  A necrophage (D:4)
  2 ogres (D:5)
  3 centaurs
  A phantom (D:7)
  2 kobold brigands (D:8)
  4 bullfrogs
  A gnoll sergeant (D:8)
  A wyvern zombie (D:8)
  7 scorpions
  2 water moccasin zombies
  4 hounds
  A centaur zombie (D:5)
  3 jellies
  7 orc priests
  6 iguanas
  2 orc wizards
  A hound skeleton (D:5)
  Robin (D:2)
  4 gnolls
  A howler monkey skeleton (D:4)
  5 adders
  3 white imps
  2 ufetubi
  4 dart slugs
  25 orcs
  10 ball pythons
  7 bats
  A bat zombie (D:1)
  5 endoplasms
  A giant cockroach (D:1)
  16 goblins
  8 hobgoblins
  3 quokkas
  A ball python zombie (D:1)
  3 frilled lizards
  15 kobolds
  5 rats
187 creatures vanquished.

Vanquished Creatures (others)
  31 fulminant prisms
31 creatures vanquished.

Grand Total: 218 creatures vanquished

Notes
Turn   | Place    | Note
-------+----------+-------------------------------------------
     0 | D:1      | jjjjhere the Spriggan Conjurer began the quest for the Orb.
     0 | D:1      | Reached XP level 1. HP: 9/9 MP: 5/5
   111 | D:1      | Reached skill level 3 in Spellcasting
   203 | D:1      | Reached XP level 2. HP: 13/13 MP: 1/7
   390 | D:1      | Reached skill level 4 in Spellcasting
   645 | D:1      | Reached XP level 3. HP: 16/16 MP: 6/9
   725 | D:1      | Learned a level 2 spell: Searing Ray
   945 | D:1      | Found a faded altar of an unknown god.
  1185 | D:2      | Noticed Robin
  1197 | D:2      | Reached skill level 5 in Spellcasting
  1505 | D:2      | Found Vyenukhluam's Magic Scroll Shop.
  1538 | D:2      | Bought a scroll of teleportation for 30 gold pieces
  1538 | D:2      | Bought a scroll of identify for 20 gold pieces
  1562 | D:2      | You fall into a shaft and drop 1 floor!
  1685 | D:2      | Killed Robin
  1686 | D:2      | Reached XP level 4. HP: 21/21 MP: 4/12
  2477 | D:3      | Found a glowing golden altar of the Shining One.
  2665 | D:3      | Found a runed translucent gate.
  2665 | D:3      | Found a runed translucent gate.
  2665 | D:3      | Found a runed translucent gate.
  2666 | D:3      | Found an opulent altar of Gozag.
  2670 | D:3      | Noticed jjjjhere's ghost (amateur GnAr)
  2672 | D:3      | Noticed an ogre
  2932 | D:3      | Found a bloodstained altar of Trog.
  2936 | D:3      | Reached skill level 6 in Spellcasting
  3301 | D:4      | Got Baffuragoa's Volume of the Creative Traveller
  3334 | D:4      | Noticed Edmund
  3441 | D:4      | Noticed a necrophage
  3456 | D:4      | Killed a necrophage
  3457 | D:4      | Reached skill level 7 in Spellcasting
  3457 | D:4      | Reached XP level 5. HP: 24/24 MP: 4/15
  3666 | D:4      | Reached XP level 6. HP: 22/28 MP: 9/17
  3731 | D:4      | Reached skill level 8 in Spellcasting
  3982 | D:4      | Killed Edmund
  3983 | D:4      | Reached skill level 9 in Spellcasting
  3994 | D:4      | Reached XP level 7. HP: 32/32 MP: 1/20
  4132 | D:4      | HP: 8/32 [scorpion (7)]
  4137 | D:4      | HP: 8/32 [poisoned by a scorpion]
  4661 | D:4      | You fall into a shaft and drop 3 floors!
  4794 | D:7      | Reached skill level 5 in Dodging
  5104 | D:6      | Reached XP level 8. HP: 36/36 MP: 7/22
  5527 | D:5      | Entered Level 5 of the Dungeon
  5839 | D:5      | Learned a level 4 spell: Fulminant Prism
  5963 | D:5      | Reached skill level 1 in Hexes
  6058 | D:5      | Noticed Sigmund
  6127 | D:5      | Killed Sigmund
  6173 | D:5      | Found a staircase to the Ecumenical Temple.
  6199 | Temple   | Entered the Ecumenical Temple
  6219 | Temple   | Became a worshipper of Sif Muna the Loreminder
  6471 | D:5      | Reached XP level 9. HP: 39/39 MP: 15/23
  6787 | D:5      | Learned a level 3 spell: Frozen Ramparts
  6797 | D:5      | Reached skill level 5 in Hexes
  6988 | D:5      | Found a burning altar of Makhleb.
  6989 | D:5      | Noticed a green death
  7123 | D:6      | Noticed Eustachio
  7163 | D:6      | Killed Eustachio
  7407 | D:6      | Noticed Menkaure
  7413 | D:6      | Killed Menkaure
  7414 | D:6      | Reached skill level 5 in Conjurations
  7818 | D:7      | Noticed Duvessa
  7842 | D:7      | Killed Duvessa
  7843 | D:7      | Noticed Dowan
  7863 | D:7      | Noticed a white ugly thing
  9014 | D:7      | Killed a white ugly thing
  9498 | D:8      | Reached * piety under Sif Muna
  9619 | D:8      | HP: 9/39 [wyvern zombie (12)]
  9894 | D:8      | Reached XP level 10. HP: 44/44 MP: 15/24
 10048 | D:8      | Reached skill level 10 in Spellcasting
 10689 | D:8      | Reached skill level 1 in Ice Magic
 11197 | D:9      | Noticed a centaur warrior
 11236 | D:9      | Found a staircase to the Orcish Mines.
 11424 | D:9      | Noticed Erolcha
 11445 | D:9      | Killed from afar by Erolcha

Illustrated notes

Levels and vault maps discovered:
D:1:      saegor_arrival_fortress, layout_rooms,
          shapermc_ecumenical_altar_hornbeckon, minmay_tetromino_l4
D:2:      layout_basic, serial_shops, shop, st_stairs_7, uniq_robin
D:3:      layout_basic, mainiacjoe_overflow_chevrons, trog_butcher_becter,
          ebering_ghost_gozag, minmay_misc_feat_hallway, minivault_25,
          minmay_box_of_dots
D:4:      layout_loops_ring, minmay_three_crescents, uniq_edmund
D:5:      minmay_recursive_quarters, layout_rooms, makhleb_altar_promises_db,
          minmay_temple_entry_glassed_door, kennysheep_windowed_goal,
          uniq_sigmund
D:6:      layout_basic, minivault_14, minmay_chambers_of_fives, uniq_eustachio,
          uniq_menkaure
D:7:      layout_layer_cave, minmay_microvault, uniq_duvessa
D:8:      layout_loops_ring
D:9:      layout_cross, mainiacjoe_overflow_alcove_2, orc_0_dummy, serial_shops,
          nicolae_inconvenience_store, uniq_erolcha
Temple:   nicolae_temple_x_marks_the_god

Skill      XL: |  1  2  3  4  5  6  7  8  9 10 |
---------------+-------------------------------+-----
Spellcasting   | 3 4 5 7 9 10 | 10.7
Dodging        | 7 9 |  9.8
Conjurations   | 4 6 |  6.0
Hexes          | 4 8 |  8.0
Ice Magic      | 1 |  1.8
Stealth        | |  3.6

Action                   |  1- 3 |  4- 6 |  7- 9 | 10-12 || total
-------------------------+-------+-------+-------+-------++-------
 Cast: Magic Dart        |    89 |    65 |    52 |     7 ||   213
       Searing Ray       |     2 |    15 |    65 |    10 ||    92
       Fulminant Prism   |       |       |    16 |    15 ||    31
  Use: Scroll            |     1 |     3 |     2 |     1 ||     7
Armor: Robe              |     2 |     3 |       |       ||     5
Dodge: Dodged            |     6 |    20 |    66 |     8 ||   100
